 Dungeon Crawl Stone Soup version 0.21.1-1-g345015f (webtiles) character file.

97149 suicidejoker the Covert (level 16, -1/118 HPs)
             Began as an Octopode Monk on Apr 8, 2018.
             Was the Champion of Cheibriados.
             Slain by an elephant (6 damage)
             ... on level 6 of the Lair of Beasts on Apr 9, 2018.
             The game lasted 03:01:22 (22568 turns).

suicidejoker the Covert (Octopode Monk)            Turns: 22568, Time: 03:01:25

Health: -1/118     AC:  5    Str: 30    XL:     16   Next: 18%
Magic:  17/28      EV: 33    Int: 32    God:    Cheibriados [******]
Gold:   792        SH:  0    Dex: 32    Spells: 15/31 levels left

rFire    + . .     SeeInvis +     - Unarmed
rCold    + + .     Gourm    .   (shield currently unavailable)
rNeg     + . .     Faith    +   R - +2 hat
rPois    +         Spirit   .   i - amulet "Rusaarghu" {Faith +Blink MR++}
rElec    .         Reflect  .   F - +3 ring of dexterity
rCorr    .         Harm     .   E - ring of see invisible
MR       ++++.                  S - ring "Sanujogo" {rN+ MR+ EV+3}
Stlth    ++++++++..             K - +2 ring of evasion
HPRegen  0.69/turn              M - ring of protection from cold
MPRegen  0.21/turn              u - +3 ring of evasion
                                A - ring of poison resistance
                                n - ring of protection from fire

@: blade tentacles, slowed, very slow
A: almost no armour, stealthy swim, amphibious, 8 rings, constrict 8, thin
metallic scales 1, camouflage 1, clever 2, cold resistance 1, sense surroundings
1, regeneration 1, robust 1, weak 1, wild magic 1, gelatinous body 1, evolution
1
a: End Transformation, Bend Time, Temporal Distortion, Slouch, Step From Time,
Renounce Religion, Evoke Blink


You were on level 6 of the Lair of Beasts.
You worshipped Cheibriados.
Cheibriados was exalted by your worship.
You were hungry.
You had blades for tentacles.
You visited 3 branches of the dungeon, and saw 23 of its levels.
You also visited: Labyrinth, Ossuary, Bailey and Volcano.

You collected 2671 gold pieces.
You spent 1879 gold pieces at shops.

Inventory:

Hand Weapons
 a - a +8 dagger of piercing (melded)
 b - a +4 blowgun
 h - a +1 antimagic demon blade
 o - a +3 war axe of electrocution
 G - a +2 vampiric great sword
 L - a +2 great sword of freezing
 N - a +0 arbalest
 Q - the +6 hand axe of Classification {protect, rPois}
   (You found it on level 10 of the Dungeon)

   It protects the one who uses it against injury (+AC on strike).
   It protects you from poison.
 Y - a +2 shortbow of flaming
 Z - a +2 demon blade of flaming
Missiles
 d - 4 silver tomahawks
 f - 517 stones
 g - 734 arrows
 k - 20 javelins
 l - 124 bolts
 q - 140 poisoned needles
 w - 22 tomahawks (quivered)
 B - 23 curare-tipped needles
 H - 16 throwing nets
 W - 4 needles of sleeping
Armour
 v - a +5 shield of protection (melded)
 R - a +2 hat (worn)
Jewellery
 i - the amulet "Rusaarghu" (around mantle) {Faith +Blink MR++}
   (You bought it in a shop on level 2 of the Orcish Mines)

   [amulet of faith]

   It allows you to gain divine favour quickly.
   It affects your resistance to hostile enchantments.
   It lets you blink.
 n - a ring of protection from fire (on tentacle)
 u - a +3 ring of evasion (on tentacle)
 A - a ring of poison resistance (on tentacle)
 E - a ring of see invisible (right scythe-like blade)
 F - a +3 ring of dexterity (left scythe-like blade)
 J - an uncursed ring of flight
 K - a +2 ring of evasion (on tentacle)
 M - a ring of protection from cold (on tentacle)
 S - the ring "Sanujogo" (on tentacle) {rN+ MR+ EV+3}
   (You found it on level 9 of the Dungeon)

   [ring of evasion]

   It affects your evasion (+3).
   It protects you from negative energy.
   It affects your resistance to hostile enchantments.
Wands
 s - a wand of acid (7)
 P - a wand of flame (9)
Scrolls
 c - 16 scrolls of teleportation
 e - 4 scrolls of fear
 m - 10 scrolls of amnesia
 t - 14 scrolls of remove curse
 y - 4 scrolls of blinking
 z - 4 scrolls of fog
Potions
 j - 5 potions of ambrosia
 p - 6 potions of flight
 r - 5 potions of lignification
 C - 2 potions of resistance
 I - 12 potions of curing
 O - 2 potions of magic
 U - a potion of might
 X - 2 potions of cancellation
Miscellaneous
 D - a lightning rod (4/4)
 T - a lightning rod (4/4)
Comestibles
 x - 44 rations


   Skills:
 + Level 9.7 Fighting
 - Level 4.1(5.4) Short Blades
 + Level 5.2(5.9) Long Blades
 - Level 3.8(4.0) Axes
   Level 1.4(2.9) Polearms
 + Level 4.8 Bows
 + Level 9.8 Dodging
 + Level 13.6 Stealth
 * Level 8.9 Shields
 * Level 10.9 Unarmed Combat
 * Level 8.3 Spellcasting
 * Level 9.7 Transmutations
 + Level 10.0 Invocations
 + Level 7.3 Evocations


You had 15 spell levels left.
You knew the following spells:

 Your Spells              Type           Power        Failure   Level  Hunger
a - Beastly Appendage     Tmut           ######       10%         1    None
b - Spider Form           Tmut/Pois      ######....   26%         3    None
c - Ice Form              Ice/Tmut       ######..     41%         4    None
d - Blade Hands           Tmut           #######...   28%         5    ####...
e - Apportation           Tloc           ###...       36%         1    None
f - Passwall              Tmut/Erth      ######....   19%         2    None


Dungeon Overview and Level Annotations

Branches:
Dungeon (15/15)            Temple (0/1) D:6            Lair (6/6) D:9
  Swamp (0/4) Lair:3       Spider (0/4) Lair:3        Slime (0/5) Lair:6
    Orc (2/2) D:9             Elf (0/3) Orc:2        Vaults (0/5) D:13
 Depths (0/5) D:15

Altars:
Cheibriados
Elyvilon
Trog
Uskayaw
Yredelemnul
Zin
The Shining One

Shops:
D:6 ?   D:10 [!   Orc:2 =([*


Innate Abilities, Weirdness & Mutations

You cannot wear most types of armour.
You are very stealthy in the water. (Stealth+)
You are amphibious.
You can wear up to eight rings at the same time.
You can use your tentacles to constrict eight enemies at once.
Your skin changes colour to match your surroundings (Stealth+).
Your rubbery body absorbs attacks. (AC +1, EV +1)
You are partially covered in thin metallic scales. (AC +2)
Your mind is very acute. (Int +4)
Your flesh is cold resistant. (rC+)
You passively map a small area around you.
Your natural rate of healing is unusually fast.
You are robust. (+10% HP)
You are weak. (Str -2)
Your spells are a little harder to cast, but a little more powerful.
You evolve.


Message History

You kill the dream sheep!
Cheibriados appreciates the change of pace.
You kill the dream sheep!
Cheibriados appreciates the change of pace.
You feel somewhat more hungry.
The komodo dragon completely misses you.
The elephant completely misses you. x2
The komodo dragon completely misses you.
The dream sheep shake their wool and sparkle.
You feel drowsy...
You fall asleep.
The elephant misses you. The elephant completely misses you.
A crocodile and a dream sheep come into view.
The komodo dragon barely misses you. The elephant completely misses you. x2
The komodo dragon completely misses you.
A yak comes into view.
The komodo dragon bites you!!!!
You wake up.
Ouch! That really hurt!
* * * LOW HITPOINT WARNING * * *
The elephant tramples you.
You die...

* , , * * *
....... * , * *
...<..# * , , ,
, #.....# ,
#.... ,
#####...Y.##.,
* ,* #...>
(.#........#.Y.
#... ,,
,......Y†.t...
..P #.†lYw.P#.#
P.##* **
*######@Y.....#
,* ...#
##......†..P...
...##*##
#..............
, , ..#.##.#
##..##...#.....
, #.!....#
#.#####..##...
, , ###P...#
##..# ,......Y,
####.#####..##
* ..... . ,
##....# #P..#
......
###..####..## #
..... , ,


You could see 2 elephants, a torpor snail, a komodo dragon, a yak, a crocodile
and 3 dream sheep.

Vanquished Creatures
  Rupert (D:14)
  An orc warlord (Orc:2)
  Snorg (D:11)
  An ettin (D:15)
  A minotaur (D:14)
  A fire dragon (Volcano)
  The ghost of rz the Earth Mage, a journeyman GrEE of Vehumet (Lair:4)
  The ghost of shitimlost the Fighter, a journeyman GrGl of Qazlal (Lair:4)
  A rakshasa (D:15)
  A catoblepas (Lair:6)
  8 hydras
  12 two-headed ogres
  The ghost of MollyMolluskus the Covert, a journeyman OpFi of Wu Jian (D:10)
  2 centaur warriors
  A queen ant (D:11)
  Erica (Orc:1)
  An ogre mage (D:15)
  2 orc high priests
  2 tengu warriors
  Sonja (D:15)
  2 slime creatures (D:12)
  Urug (D:11)
  4 unseen horrors
  A necromancer (D:13)
  2 lindwurms
  4 orc knights
  3 orc sorcerers
  A deep elf mage (D:15)
  An oklob plant (Lair:2)
  A manticore (D:14)
  3 salamanders (Volcano)
  11 ugly things
  A cyclops (D:15)
  10 elephants
  5 black mambas
  17 spiny frogs
  A torpor snail (Lair:5)
  4 rime drakes
  3 komodo dragons
  2 kobold demonologists (D:13)
  3 meliai (D:15)
  Prince Ribbit (D:5)
  10 trolls
  A hornet (D:12)
  8 dream sheep
  8 blink frogs
  A hippogriff (shapeshifter) (D:13)
  11 hippogriffs
  Sigmund (D:6)
  A redback (Lair:3)
  5 shadows
  A vampire (D:13)
  4 basilisks
  A human (shapeshifter) (D:15)
  6 fire bats (Volcano)
  3 wyverns
  53 yaks
  6 hungry ghosts
  6 vampire mosquitoes (D:15)
  2 steam dragons (Volcano)
  5 wargs
  20 soldier ants (D:11)
  5 water moccasins
  7 porcupines
  Duvessa (D:6)
  3 black bears
  19 orc warriors
  2 sky beasts
  An eye of draining (D:8)
  A black bear (shapeshifter) (D:15)
  11 ogres
  2 ice beasts
  A phantom (D:7)
  6 wolves (Lair:6)
  18 centaurs
  16 crocodiles
  5 big kobolds
  8 gnoll sergeants (Bailey)
  14 bullfrogs
  Dowan (D:6)
  2 wyvern skeletons
  20 killer bees
  2 scorpions
  2 howler monkeys
  6 wights
  4 crimson imps
  A bullfrog zombie (D:8)
  A wyvern simulacrum (D:14)
  6 centaur skeletons
  6 centaur zombies
  2 quasits
  6 gnoll shamans (Bailey)
  12 hounds
  6 jellies
  9 orc priests
  13 orc wizards
  3 iguanas
  2 bullfrog skeletons
  27 worker ants
  A killer bee zombie (D:9)
  2 big kobold zombies (Ossuary)
  5 mummies (Ossuary)
  A worker ant zombie (D:4)
  18 gnolls
  8 adders
  8 shadow imps
  An adder zombie (D:7)
  An adder skeleton (D:5)
  4 worms
  A dart slug (D:1)
  5 leopard geckos
  52 orcs
  4 ball pythons
  6 giant cockroaches
  13 goblins
  9 hobgoblins
  7 jackals
  5 quokkas
  8 bats
  7 frilled lizards
  17 kobolds
  A quokka skeleton (D:4)
  A quokka zombie (D:7)
  10 rats
721 creatures vanquished.

Vanquished Creatures (collateral kills)
  A catoblepas (D:15)
  3 ugly things (D:15)
  A yaktaur (D:15)
  A tengu conjurer (D:15)
6 creatures vanquished.

Vanquished Creatures (others)
  27 fungi
  15 plants
42 creatures vanquished.

Grand Total: 769 creatures vanquished

Notes
Turn   | Place    | Note
-------+----------+-------------------------------------------
     0 | D:1      | suicidejoker the Octopode Monk began the quest for the Orb.
     0 | D:1      | Reached XP level 1. HP: 16/16 MP: 1/1
    41 | D:1      | Reached skill level 1 in Unarmed Combat
    96 | D:1      | Reached XP level 2. HP: 18/21 MP: 2/2
   570 | D:1      | Reached XP level 3. HP: 18/26 MP: 3/3
  1222 | D:2      | Noticed a big kobold
  1226 | D:2      | Killed a big kobold
  1226 | D:2      | Reached XP level 4. HP: 25/31 MP: 4/4
  1317 | D:2      | Reached XP level 5. HP: 35/36 MP: 5/5
  1953 | D:3      | Reached skill level 5 in Unarmed Combat
  2056 | D:3      | Reached skill level 3 in Stealth
  2335 | D:3      | Reached skill level 4 in Stealth
  2522 | D:3      | Noticed a big kobold
  2528 | D:3      | Noticed a big kobold
  2535 | D:3      | Killed a big kobold
  2535 | D:3      | Reached skill level 5 in Stealth
  2535 | D:3      | Reached XP level 6. HP: 28/42 MP: 6/6
  2546 | D:3      | Reached skill level 6 in Stealth
  3110 | D:4      | Reached skill level 7 in Stealth
  3110 | D:4      | Reached XP level 7. HP: 42/46 MP: 7/7
  3471 | D:4      | Reached skill level 8 in Stealth
  3472 | D:4      | Gained mutation: Your mind is acute. (Int +2) [potion of mutation]
  3472 | D:4      | Gained mutation: You evolve. [potion of mutation]
  3472 | D:4      | Gained mutation: Your spells are a little harder to cast, but a little more powerful. [potion of mutation]
  3484 | D:4      | Reached skill level 9 in Stealth
  3800 | D:4      | Found a snail-covered altar of Cheibriados.
  3800 | D:4      | Gained mutation: Your natural rate of healing is unusually fast. [evolution]
  3882 | D:4      | Became a worshipper of Cheibriados the Contemplative
  3882 | D:4      | Reached * piety under Cheibriados
  3882 | D:4      | Reached ** piety under Cheibriados
  4101 | D:5      | Entered Level 5 of the Dungeon
  4229 | D:5      | Noticed Prince Ribbit
  4686 | D:5      | Killed Prince Ribbit
  4686 | D:5      | Reached skill level 10 in Stealth
  4686 | D:5      | Reached XP level 8. HP: 51/52 MP: 8/8
  4834 | D:5      | Found a bloodstained altar of Trog.
  5109 | D:6      | Found a staircase to the Ecumenical Temple.
  5138 | D:6      | Found a white marble altar of Elyvilon.
  5144 | D:6      | Reached skill level 1 in Invocations
  5325 | D:6      | Found Fiureawn's Magic Scroll Shoppe.
  5328 | D:6      | Bought a scroll of identify for 22 gold pieces
  5328 | D:6      | Bought a scroll of enchant weapon for 82 gold pieces
  5328 | D:6      | Bought a scroll of fear for 38 gold pieces
  5328 | D:6      | Bought a scroll of enchant weapon for 82 gold pieces
  5328 | D:6      | Bought a scroll of identify for 22 gold pieces
  5330 | D:6      | Identified a scroll of acquirement
  5362 | D:6      | Noticed Sigmund
  5381 | D:6      | Killed Sigmund
  5650 | D:6      | Gained mutation: Your mind is very acute. (Int +4) [evolution]
  5706 | D:6      | Found a basalt altar of Yredelemnul.
  5854 | D:6      | Found a snail-covered altar of Cheibriados.
  5854 | D:6      | Found a glowing golden altar of the Shining One.
  5947 | D:6      | Noticed Duvessa
  5947 | D:6      | Noticed Dowan
  5952 | D:6      | Killed Duvessa
  5955 | D:6      | Killed Dowan
  5974 | D:7      | Noticed a troll
  5985 | D:7      | Killed a troll
  5985 | D:7      | Reached skill level 5 in Fighting
  5985 | D:7      | Reached skill level 5 in Dodging
  5985 | D:7      | Reached XP level 9. HP: 61/61 MP: 10/12
  6128 | D:7      | Noticed a two-headed ogre
  6133 | D:7      | Killed a two-headed ogre
  6133 | D:7      | Reached skill level 5 in Invocations
  6261 | D:7      | Reached *** piety under Cheibriados
  6362 | D:7      | Found a sand-covered staircase.
  6371 | Ossuary  | Entered an ossuary
  6468 | Ossuary  | Reached skill level 1 in Short Blades
  6575 | D:7      | Reached XP level 10. HP: 40/69 MP: 14/14
  7237 | D:8      | Reached **** piety under Cheibriados
  8025 | D:8      | Learned a level 1 spell: Beastly Appendage
  8268 | D:8      | Learned a level 3 spell: Spider Form
  8346 | D:9      | Got a twisted halberd
  8347 | D:9      | Identified the +3 halberd of Evvolaro {flame, Int+4 Stlth-} (You found it on level 9 of the Dungeon)
  8384 | D:9      | Reached skill level 1 in Transmutations
  8420 | D:9      | Reached skill level 1 in Spellcasting
  8496 | D:9      | Reached skill level 11 in Stealth
  8506 | D:9      | Got a flickering granite ring
  8507 | D:9      | Identified the ring "Sanujogo" {rN+ MR+ EV+3} (You found it on level 9 of the Dungeon)
  8543 | D:9      | Reached skill level 1 in Evocations
  8615 | D:9      | Reached ***** piety under Cheibriados
  8615 | D:9      | Reached XP level 11. HP: 75/75 MP: 16/16
  8648 | D:9      | Noticed a cyan ugly thing
  8661 | D:9      | Killed a cyan ugly thing
  8728 | D:9      | Found a staircase to the Orcish Mines.
  8841 | D:9      | Found a staircase to the Lair.
  8988 | D:9      | Found a glowing silver altar of Zin.
  9095 | D:10     | Entered Level 10 of the Dungeon
  9174 | D:10     | Noticed MollyMolluskus's ghost (journeyman OpFi)
  9207 | D:10     | Killed MollyMolluskus's ghost
  9239 | D:10     | Learned a level 4 spell: Ice Form
  9245 | D:10     | Learned a level 5 spell: Blade Hands
  9306 | D:10     | Reached skill level 1 in Polearms
  9315 | D:10     | Found Afoz's Antique Armour Emporium.
  9323 | D:10     | Bought a glowing shield for 217 gold pieces
  9365 | D:10     | Found Didweim's Distillery.
  9370 | D:10     | Bought a potion of invisibility for 120 gold pieces
  9370 | D:10     | Bought a potion of might for 60 gold pieces
  9381 | D:10     | Noticed a two-headed ogre
  9383 | D:10     | Killed a two-headed ogre
  9415 | D:10     | Reached skill level 1 in Shields
  9432 | D:10     | Got a dazzling hand axe
  9433 | D:10     | Identified the +6 hand axe of Classification {protect, rPois} (You found it on level 10 of the Dungeon)
  9880 | D:10     | Noticed an unseen horror
  9887 | D:10     | Killed an unseen horror
 10000 | D:11     | Noticed a four-headed hydra
 10006 | D:11     | Killed a four-headed hydra
 10006 | D:11     | Reached skill level 1 in Axes
 10022 | D:11     | Noticed Urug
 10027 | D:11     | Killed Urug
 10027 | D:11     | Reached XP level 12. HP: 82/82 MP: 17/17
 10070 | D:11     | Noticed an eight-headed hydra
 10075 | D:11     | Reached skill level 5 in Transmutations
 10077 | D:11     | Killed an eight-headed hydra
 10108 | D:11     | Reached ****** piety under Cheibriados
 10138 | D:11     | Noticed a queen ant
 10437 | D:11     | Reached skill level 12 in Stealth
 10441 | D:11     | Killed a queen ant
 10603 | D:11     | Noticed Snorg
 10606 | D:11     | Killed Snorg
 10975 | D:11     | Learned a level 1 spell: Apportation
 11075 | D:12     | Noticed a two-headed ogre
 11115 | D:12     | Killed a two-headed ogre
 11202 | D:12     | Noticed a two-headed ogre
 11205 | D:12     | Killed a two-headed ogre
 11477 | D:12     | Noticed a seven-headed hydra
 11479 | D:12     | Killed a seven-headed hydra
 11479 | D:12     | Reached XP level 13. HP: 82/89 MP: 20/20
 11599 | D:12     | Reached skill level 5 in Spellcasting
 11975 | D:12     | Reached skill level 5 in Shields
 12099 | D:13     | Found a gate to the Vaults.
 12270 | D:13     | Found a flagged portal.
 12282 | Bailey   | Entered a bailey
 12288 | Bailey   | Gained mutation: You are partially covered in thin metallic scales. (AC +2) [evolution]
 12614 | D:13     | Reached skill level 1 in Bows
 12657 | D:13     | Reached skill level 5 in Evocations
 12813 | D:13     | Found a hide-covered altar of Uskayaw.
 13507 | D:14     | Found a labyrinth entrance.
 13509 | D:14     | Noticed Rupert
 13511 | D:14     | Killed Rupert
 13523 | Lab      | Entered a labyrinth
 13997 | Lab      | Noticed a minotaur
 14009 | Lab      | Identified the Almanac of the Entourage and Enhancements
 14219 | D:14     | Reached XP level 14. HP: 95/95 MP: 22/22
 14262 | D:14     | Learned a level 2 spell: Passwall
 14925 | D:15     | Entered Level 15 of the Dungeon
 14982 | D:15     | Gained mutation: You are robust. (+10% HP) [evolution]
 15078 | D:15     | Noticed Sonja
 15082 | D:15     | Killed Sonja
 15591 | D:15     | Found a staircase to the Depths.
 15761 | Orc:1    | Entered Level 1 of the Orcish Mines
 15781 | Orc:1    | Noticed Erica
 15794 | Orc:1    | Killed Erica
 15957 | Orc:1    | Reached skill level 13 in Stealth
 16124 | Orc:2    | Entered Level 2 of the Orcish Mines
 16159 | Orc:2    | Noticed an orc warlord
 16649 | Orc:2    | Killed an orc warlord
 16739 | Orc:2    | Found Vifol's General Store.
 16815 | Orc:2    | Found Poteliu's Antique Armour Emporium.
 16877 | Orc:2    | Reached skill level 10 in Unarmed Combat
 16878 | Orc:2    | Found Gonezop's Jewellery Boutique.
 16930 | Orc:2    | Found a staircase to the Elven Halls.
 16939 | Orc:2    | Bought the amulet "Rusaarghu" {Faith +Blink MR++} for 936 gold pieces
 16940 | Orc:2    | Bought an uncursed ring of poison resistance for 300 gold pieces
 16955 | Orc:2    | Found Yntiq's Antique Weapon Boutique.
 16968 | Orc:2    | Reached XP level 15. HP: 111/111 MP: 25/25
 17283 | Lair:1   | Entered Level 1 of the Lair of Beasts
 17518 | Lair:1   | Found a dark tunnel.
 17626 | Volcano  | Entered a volcano
 17688 | Volcano  | Gained mutation: Your flesh is cold resistant. (rC+) [evolution]
 20087 | Lair:3   | Gained mutation: You passively map a small area around you. [evolution]
 20170 | Lair:3   | Found a hole to the Spider Nest.
 20400 | Lair:3   | Found a staircase to the Swamp.
 20872 | Lair:4   | Noticed shitimlost's ghost (journeyman GrGl)
 20889 | Lair:4   | Killed shitimlost's ghost
 20997 | Lair:4   | Noticed rz's ghost (journeyman GrEE)
 21009 | Lair:4   | Killed rz's ghost
 21577 | Lair:5   | Reached skill level 5 in Long Blades
 21634 | Lair:5   | Reached skill level 10 in Invocations
 22124 | Lair:5   | Reached XP level 16. HP: 118/118 MP: 22/28
 22310 | Lair:6   | Entered Level 6 of the Lair of Beasts
 22502 | Lair:6   | Found a staircase to the Slime Pits.
 22541 | Lair:6   | Gained mutation: You are weak. (Str -2) [evolution]
 22568 | Lair:6   | HP: 5/118 [komodo dragon (72)]
 22568 | Lair:6   | Slain by an elephant

Skill      XL: |  1  2  3  4  5  6  7  8  9 10 11 12 13 14 15 |
---------------+----------------------------------------------+-----
Unarmed Combat | 1 2 4 5 7 8 9 10 | 10.9
Stealth        | 5 7 10 11 12 13 | 13.6
Invocations    | 4 6 7 8 9 10 | 10.0
Fighting       | 5 6 7 8 9 |  9.7
Dodging        | 5 6 7 8 9 |  9.8
Short Blades   | 1 4 |  4.1
Transmutations | 2 4 6 7 8 9 |  9.7
Spellcasting   | 1 3 4 5 7 8 |  8.3
Evocations     | 1 3 4 5 6 7 |  7.3
Polearms       | 1 |  1.4
Shields        | 2 4 6 7 8 |  8.9
Axes           | 1 2 3 |  3.8
Bows           | 1 3 4 |  4.8
Long Blades    | 4 5 |  5.2

Action                   |  1- 3 |  4- 6 |  7- 9 | 10-12 | 13-15 | 16-18 || total
-------------------------+-------+-------+-------+-------+-------+-------++-------
Melee: Falchion          |    34 |       |       |       |       |       ||    34
       Constrict         |    22 |    26 |    30 |    74 |   108 |     8 ||   268
       Tentacles         |    11 |    23 |    39 |   136 |   282 |    21 ||   512
       Dagger            |    24 |    98 |   144 |   367 |   460 |    21 ||  1114
       Punch             |     1 |     7 |     9 |    46 |    93 |     5 ||   161
       Unarmed           |       |       |       |    24 |   137 |    39 ||   200
       Kick              |       |       |       |    16 |       |       ||    16
       Halberd           |       |       |       |     4 |       |       ||     4
       Hand axe          |       |       |       |       |    58 |       ||    58
       Demon blade       |       |       |       |       |    37 |       ||    37
 Fire: Hunting sling     |       |    38 |    51 |    19 |       |       ||   108
       Blowgun           |       |       |       |       |    36 |       ||    36
Throw: Stone             |       |     1 |     3 |       |       |       ||     4
       Tomahawk          |       |       |       |       |    20 |       ||    20
 Cast: Beastly Appendage |       |       |       |     4 |       |       ||     4
       Passwall          |       |       |       |       |     4 |       ||     4
       Blade Hands       |       |       |       |       |    18 |     3 ||    21
       Ice Form          |       |       |       |       |     1 |       ||     1
Invok: Slouch            |       |       |       |     1 |     9 |     2 ||    12
 Abil: Evoke Blink       |       |       |       |       |     1 |       ||     1
Evoke: Wand              |       |       |     4 |    21 |    69 |       ||    94
       Lightning rod     |       |       |       |     8 |    16 |       ||    24
  Use: Scroll            |     2 |     1 |    17 |    17 |    20 |     1 ||    58
       Potion            |       |       |    13 |     5 |     9 |       ||    27
 Stab: Sleeping          |     9 |     9 |    11 |    44 |    60 |     3 ||   136
       Distracted        |       |       |     2 |     3 |     5 |       ||    10
       Paralysed         |       |       |     1 |     6 |    10 |       ||    17
       Invisible         |       |       |     1 |    10 |     1 |       ||    12
       Petrified         |       |       |       |       |     2 |       ||     2
       Petrifying        |       |       |       |       |     1 |       ||     1
  Eat: Chunk             |     1 |     6 |     2 |    12 |    11 |     1 ||    33
       Ration            |       |       |     1 |       |     4 |       ||     5
Armor: Skin              |     3 |     3 |     4 |    44 |    31 |     1 ||    86
Dodge: Dodged            |    29 |    62 |   100 |   204 |   539 |    98 ||  1032
Block: Shield            |       |       |       |   130 |   472 |    14 ||   616
       Rpst.: Falchion   |     5 |       |       |       |       |       ||     5
       Demon blade       |       |       |       |       |     1 |       ||     1
